 Dungeon Crawl Stone Soup version 0.16.2-2-g470672f (webtiles) character file.

177 poirepourri the Skirmisher (level 5, -2/50 HPs)
             Began as a Deep Dwarf Berserker on Aug 25, 2015.
             Was a Priest of Trog.
             Slain by a sickly siren
             ... wielding a +0 spear
              (16 damage)
             ... in a sewer.
             The game lasted 00:05:43 (2642 turns).

poirepourri the Skirmisher (Deep Dwarf Berserker)   Turns: 2642, Time: 00:05:44

Health: -2/50      AC:  5    Str: 22    XL:     5   Next: 31%
Magic:  5/5        EV: 12    Int:  7    God:    Trog [***...]
Gold:   201        SH:  0    Dex: 12    Spells: 0 memorised, 4 levels left

rFire  . . .     SeeInvis .     a - +3 hand axe
rCold  . . .     Clarity  .     p - -2 ring mail (curse)
rNeg   . . .     SustAb   .     (no shield)
rPois  .         Gourm    .     (no helmet)
rElec  .         Spirit   .     n - +0 cloak
rCorr  .         Warding  .     (no gloves)
rMut   .         Rnd*Tele +     i - +0 pair of boots
MR     ++...                    (no amulet)
Stlth  +.........               e - ring of flight
                                h - ring of teleportation (curse)

@: non-regenerating, very resistant to hostile enchantments, very unstealthy
A: damage resistance, recharge devices, sense surroundings 1, slow healing 3
a: Device Recharging, Burn Spellbooks, Berserk, Trog's Hand, Renounce Religion,
Evoke Flight, Evoke Teleportation


You were in a sewer.
You worshipped Trog.
Trog was most pleased with you.
You were not hungry.

You visited 1 branch of the dungeon, and saw 4 of its levels.
You also visited: Sewer.

You collected 201 gold pieces.

Inventory:

Hand weapons
 a - a +3 hand axe (weapon)
Armour
 b - a +0 animal skin
 i - a +0 pair of boots (worn)
 n - a +0 cloak (worn)
 p - a cursed -2 ring mail (worn)
Jewellery
 e - a ring of flight (right hand)
 h - a cursed ring of teleportation (left hand)
 m - an uncursed ring of ice
Magical devices
 c - a wand of heal wounds (4)
 k - a wand of lightning (4)
Scrolls
 j - a scroll of identify
Potions
 f - a potion of agility
 g - a potion of magic
 l - 2 potions of heal wounds
Comestibles
 d - 2 bread rations
 o - a royal jelly


   Skills:
 * Level 4.1 Fighting
 + Level 4.1 Axes
 + Level 2.5 Armour
 + Level 3.7 Dodging
 + Level 0.6 Stealth


You had 4 spell levels left.
You didn't know any spells.

Dungeon Overview and Level Annotations

Branches:
Dungeon (4/15)
 Temple: D:4-7

Altars:


Innate Abilities, Weirdness & Mutations

You are resistant to damage.
You can recharge devices by infusing magical energy.
You passively map a small area around you.
You do not heal naturally.


Message History

The sickly siren chants a haunting song.
You resist with almost no effort.
Use which ability? (? or * to list)
Your skin crawls.
You feel resistant to hostile enchantments.
You feel slightly more hungry. The sickly siren closely misses you.
Use which ability? (? or * to list)
Okay, then.
The sickly siren hits you with a spear!
* * * LOW HITPOINT WARNING * * *
You completely miss the sickly siren. You hit the rat.
The rat is severely wounded.
The sickly siren closely misses you. The rat bites you but does no damage.
You hit the sickly siren.
The sickly siren is lightly wounded.
You slash the rat!
You kill the rat!
Trog accepts your kill.
The sickly siren hits you with a spear!!
You die...

###≈≈≈.####
#∩∩≈≈≈≈....
########### #* *
##########≈≈≈≈≈≈≈≈
#$$ , ,*
#≈≈≈≈≈≈≈≈≈≈≈≈≈≈..≈ ,
..≈
###≈≈≈#############.
####≈###≈≈≈#.# ## ≈
#≈≈≈≈≈†≈≈≈##.#
#≈≈≈≈≈†.rm@..#
#≈≈≈...####### *
≈≈≈...# ≈...## ###*


You could see a sickly siren and a rat.

Vanquished Creatures
  4 gnolls (D:2)
  2 river rats (Sewer)
  6 adders
  2 giant mites (D:4)
  3 giant geckos
  2 ball pythons
  6 giant cockroaches
  4 goblins
  7 hobgoblins
  2 quokkas
  4 bats (D:2)
  5 giant newts
  2 jackals (D:1)
  4 kobolds
  9 rats
62 creatures vanquished.

Notes
Turn   | Place    | Note
--------------------------------------------------------------
     0 | D:1      | poirepourri, the Deep Dwarf Berserker, began the quest for the Orb.
     0 | D:1      | Reached XP level 1. HP: 20/20 MP: 1/1
   174 | D:1      | Reached XP level 2. HP: 14/27 MP: 2/2
   742 | D:1      | Acquired Trog's second power
   945 | D:2      | Reached XP level 3. HP: 17/34 MP: 3/3
  1521 | D:2      | Reached XP level 4. HP: 35/44 MP: 4/4
  1605 | D:2      | Reached skill level 4 in Axes
  2487 | D:4      | Found a glowing drain.
  2509 | D:4      | Reached XP level 5. HP: 48/50 MP: 5/5
  2528 | Sewer    | Entered a sewer
  2642 | Sewer    | Slain by a sickly siren

Action                   |  1- 3 |  4- 6 || total
-------------------------+-------+-------++-------
Melee: Hand axe          |   109 |    92 ||   201
Invok: Trog's Hand       |     3 |     2 ||     5
       Berserk           |     1 |       ||     1
Evoke: Wand              |     1 |       ||     1
  Use: Potion            |     3 |     1 ||     4
       Scroll            |     2 |     5 ||     7
  Eat: Bread ration      |     1 |     1 ||     2
